 Dungeon Crawl Stone Soup version 0.21.0-3-g78d12a8bdd (console) character file.

51 Kloppie the Skirmisher (level 3, -1/34 HPs)
             Began as a Minotaur Fighter on Jan 10, 2018.
             Slain by a ball python (2 damage)
             ... on level 2 of the Dungeon.
             The game lasted 00:01:08 (615 turns).

Kloppie the Skirmisher (Minotaur Fighter)            Turns: 615, Time: 00:01:09

Health: -1/34      AC:  0    Str: 21    XL:     3   Next: 58%
Magic:  2/2        EV: 10    Int:  5    God:
Gold:   49         SH:  0    Dex:  9    Spells: 2/2 levels left

rFire    . . .     SeeInvis .   (weapon currently unavailable)
rCold    . . .     Gourm    .   (shield currently unavailable)
rNeg     . . .     Faith    .   (armour currently unavailable)
rPois    .         Spirit   .   (helmet currently unavailable)
rElec    .         Reflect  .   (cloak currently unavailable)
rCorr    .         Harm     .   (gloves currently unavailable)
MR       .....                  (boots currently unavailable)
Stlth    +.........             (no amulet)
HPRegen  0.11/turn              (ring currently unavailable)
MPRegen  0.08/turn              (ring currently unavailable)

@: pig-form, constricted, very quick
A: small, (retaliatory headbutt)
a: no special abilities


You were on level 2 of the Dungeon.
You were not hungry.
You were a filthy swine.
You visited 1 branch of the dungeon, and saw 2 of its levels.

You collected 49 gold pieces.

Inventory:

Hand Weapons
 a - a +0 flail (melded)
Armour
 b - a +0 scale mail (melded)
 c - a +0 shield
Jewellery
 j - an uncursed ring of stealth {unknown}
Scrolls
 e - 3 scrolls of identify {unknown}
 h - 5 scrolls of teleportation {unknown}
 i - 2 scrolls of remove curse {unknown}
 k - a scroll of fog {unknown}
 l - a scroll of amnesia {unknown}
Potions
 d - a potion of might
 m - 2 potions of heal wounds {unknown}
 n - a potion of berserk rage {unknown}
Comestibles
 f - 2 rations
 g - 7 chunks of flesh


   Skills:
 + Level 4.7 Fighting
 + Level 3.8 Maces & Flails
 - Level 3.6 Armour
 - Level 3.6 Shields


You had 2 spell levels left.
You didn't know any spells.

Dungeon Overview and Level Annotations

Branches:
Dungeon (2/15)

Altars:
Qazlal


Innate Abilities, Weirdness & Mutations

((You reflexively headbutt those who attack you in melee.))
((You have a pair of horns on your head.))


Message History

The ball python bites you.
* * * LOW HITPOINT WARNING * * *
x2 The ball python constricts you.
Natasha casts a spell at you. You resist with significant effort.
You hit Natasha.
You kill Natasha!
Natasha screams in pain as she dies!
You have reached level 3!
Your experience leads to an increase in your attributes!
Increase (S)trength, (I)ntelligence, or (D)exterity?
You feel stronger. The ball python bites you.
* * * LOW HITPOINT WARNING * * *
x2 The ball python constricts you.
You closely miss the ball python. The ball python bites you.
* * * LOW HITPOINT WARNING * * *
x2 The ball python constricts you.
You closely miss the ball python. The ball python bites you.
You die...

.##
#.##.....#
..#
####.#..###.#
..#
#...........+
.....
..##.##.##..#
...... #.#..#
.# ......
#.^.## #
......
#####...#
......
........# ..
.......h# ..
..##..S†# ..
. #....# ..
....... ..
###....# ..
#....# #....#
#..... ..


You could see a ball python.

Vanquished Creatures
  Natasha (D:2)
  An ooze (D:1)
  3 leopard geckos
  6 bats
  2 giant cockroaches
  2 hobgoblins (D:2)
  A ball python (D:1)
  A frilled lizard (D:1)
  A kobold (D:2)
  3 rats (D:1)
21 creatures vanquished.

Notes
Turn   | Place    | Note
-------+----------+-------------------------------------------
     0 | D:1      | Kloppie the Minotaur Fighter began the quest for the Orb.
     0 | D:1      | Reached XP level 1. HP: 19/19 MP: 0/0
   155 | D:1      | Reached skill level 4 in Fighting
   155 | D:1      | Reached XP level 2. HP: 23/27 MP: 1/1
   568 | D:2      | Found a stormy altar of Qazlal.
   602 | D:2      | Noticed Natasha
   613 | D:2      | Killed Natasha
   613 | D:2      | Reached XP level 3. HP: 7/34 MP: 2/2
   614 | D:2      | HP: 1/34 [ball python (1)]
   615 | D:2      | Slain by a ball python

Skill      XL: |  1  2 |
---------------+-------+-----
Fighting       | 4 |  4.7
Maces & Flails | 3 |  3.8
Armour         | |  3.6
Shields        | |  3.6

Action                   || total
-------------------------++-------
Melee: Flail             ||    42
       Headbutt          ||     6
       Unarmed           ||     6
Armor: Scale mail        ||    22
Dodge: Dodged            ||    34
